General information
- name: BNet
- type: Ladder 1vs1/FFA
- host: Battle.net
- saver: MrFrosty
map: TerenasStand
- players: 2
- length: 44:32
- speed: Fast
- version: 1.21 W3XP
- replay type: Public
» download(187 KB)
Players
team 1 (loser)
rnod (
green | 127 APM | 5637 actions | 44:29)
5 Blademaster
2 Wind Walk
3 Critical Strike
4 Pandaren Brewmaster
2 Breath of Fire
2 Drunken Haze
1 Shadow Hunter
1 Hex
» actions
| Assign group hotkey | 68 | |
| Basic commands | 619 | |
| Build / train | 145 | |
| ESC pressed | 1 | |
| Enter build submenu | 26 | |
| Enter hero's abilities submenu | 10 | |
| Give item / drop item | 4 | |
| Remove unit from queue | 4 | |
| Right click | 2452 | |
| Select / deselect | 921 | |
| Select group hotkey | 1131 | |
| Use ability | 255 | |
5637 total
» units
| Peon | 35 | |
| Grunt | 5 | |
| Troll Headhunter/Berserker | 24 | |
| Demolisher | 13 | |
77 total
» upgrades
| Ranged Weapons | 3 | |
| Armor | 2 | |
| Troll Regeneration | 1 | |
| Burning Oil | 1 | |
| Berserker Upgrade | 1 | |
| Reinforced Defenses | 1 | |
9 total
» buildings
| Altar of Storms | 1 | |
| Orc Burrow | 8 | |
| Barracks | 2 | |
| Voodoo Lounge | 2 | |
| Stronghold | 3 | |
| War Mill | 1 | |
| Great Hall | 1 | |
| Watch Tower | 10 | |
| Fortress | 1 | |
29 total
» build order
00:04 Altar of Storms
00:14 Orc Burrow
00:37 Barracks
01:25 Orc Burrow
02:05 Voodoo Lounge
02:57 Stronghold
02:57 Stronghold
02:57 Stronghold
03:20 War Mill
03:41 Orc Burrow
05:20 Orc Burrow
07:55 Great Hall
08:10 Watch Tower
08:14 Watch Tower
08:27 Watch Tower
09:03 Watch Tower
09:49 Orc Burrow
12:43 Voodoo Lounge
14:59 Watch Tower
15:45 Barracks
16:15 Fortress
17:54 Orc Burrow
33:46 Orc Burrow
36:27 Watch Tower
36:34 Watch Tower
36:34 Watch Tower
37:16 Watch Tower
37:22 Orc Burrow
37:45 Watch Tower
» items
| Healing Salve | 6 | |
| Boots of Speed | 1 | |
| Lesser Clarity Potion | 14 | |
| Potion of Healing | 5 | |
| Potion of Mana | 2 | |
| Scroll of Speed | 4 | |
| Orb of Lightning | 1 | |
| Tiny Great Hall | 1 | |
34 total
team 2 (winner)
MrFrosty (
yellow | 113 APM | 5020 actions | 44:32)
6 Archmage
3 Blizzard
2 Brilliance Aura
1 Mass Teleport
4 Blood Mage
2 Flame Strike
2 Banish
2 Mountain King
1 Storm Bolt
1 Bash
» actions
| Assign group hotkey | 41 | |
| Basic commands | 161 | |
| Build / train | 138 | |
| ESC pressed | 1 | |
| Enter build submenu | 51 | |
| Enter hero's abilities submenu | 12 | |
| Give item / drop item | 8 | |
| Right click | 2698 | |
| Select / deselect | 775 | |
| Select group hotkey | 737 | |
| Use ability | 398 | |
5020 total
» units
| Peasant | 21 | |
| Priest | 9 | |
| Sorceress | 7 | |
37 total
» upgrades
| Masonry | 3 | |
| Magic Sentry | 1 | |
| Priest Training | 2 | |
| Sorceress Training | 2 | |
| Lumber Harvesting | 2 | |
10 total
» buildings
| Altar of Kings | 1 | |
| Farm | 6 | |
| Scout Tower | 58 | |
| Lumber Mill | 1 | |
| Arcane Tower | 11 | |
| Guard Tower | 27 | |
| Keep | 1 | |
| Arcane Vault | 1 | |
| Arcane Sanctum | 1 | |
| Town Hall | 2 | |
| Castle | 1 | |
110 total
» build order
00:08 Altar of Kings
00:20 Farm
00:23 Scout Tower
00:54 Lumber Mill
00:56 Arcane Tower
01:30 Farm
01:33 Scout Tower
02:02 Guard Tower
02:30 Scout Tower
02:51 Scout Tower
02:53 Keep
03:06 Arcane Tower
03:10 Farm
03:18 Guard Tower
03:26 Arcane Vault
03:32 Scout Tower
03:49 Scout Tower
04:04 Arcane Tower
04:18 Scout Tower
04:31 Guard Tower
05:04 Guard Tower
05:16 Arcane Sanctum
06:03 Farm
06:59 Scout Tower
07:01 Scout Tower
08:17 Guard Tower
11:15 Scout Tower
11:36 Scout Tower
11:37 Scout Tower
12:00 Arcane Tower
12:07 Arcane Tower
12:08 Guard Tower
12:09 Scout Tower
12:17 Farm
12:18 Farm
12:40 Guard Tower
15:38 Scout Tower
15:39 Scout Tower
15:39 Scout Tower
15:40 Scout Tower
15:40 Scout Tower
15:41 Scout Tower
16:19 Arcane Tower
16:27 Guard Tower
16:28 Guard Tower
16:30 Scout Tower
16:31 Scout Tower
16:32 Scout Tower
16:32 Scout Tower
16:33 Scout Tower
16:46 Guard Tower
17:08 Guard Tower
17:44 Guard Tower
17:48 Town Hall
17:53 Scout Tower
17:53 Scout Tower
17:54 Scout Tower
17:57 Arcane Tower
18:38 Guard Tower
18:39 Scout Tower
18:40 Scout Tower
18:41 Scout Tower
19:28 Arcane Tower
19:32 Castle
19:39 Guard Tower
19:40 Scout Tower
20:08 Scout Tower
20:09 Scout Tower
20:10 Scout Tower
20:12 Guard Tower
20:47 Guard Tower
20:49 Scout Tower
20:49 Scout Tower
20:50 Scout Tower
24:31 Guard Tower
26:00 Scout Tower
26:01 Scout Tower
27:16 Guard Tower
33:44 Scout Tower
33:44 Scout Tower
33:45 Scout Tower
33:45 Scout Tower
34:14 Scout Tower
34:26 Scout Tower
34:26 Scout Tower
34:35 Arcane Tower
34:37 Guard Tower
34:47 Guard Tower
35:22 Guard Tower
35:24 Scout Tower
35:27 Scout Tower
35:52 Guard Tower
35:54 Scout Tower
35:54 Scout Tower
35:55 Scout Tower
35:55 Scout Tower
36:00 Arcane Tower
36:27 Guard Tower
36:28 Guard Tower
36:29 Guard Tower
36:52 Arcane Tower
39:25 Town Hall
41:23 Scout Tower
41:52 Guard Tower
43:26 Scout Tower
43:27 Scout Tower
43:30 Scout Tower
43:31 Scout Tower
43:31 Scout Tower
43:56 Guard Tower
» items
| Staff of Teleportation | 3 | |
| Boots of Speed | 3 | |
| Scroll of Regeneration | 4 | |
| Potion of Healing | 13 | |
| Ivory Tower | 4 | |
| Lesser Clarity Potion | 2 | |
| Potion of Mana | 2 | |
| Staff of Sanctuary | 3 | |
| Orb of Fire | 1 | |
| Scroll of Town Portal | 1 | |
36 total
Chat log
(19:55 / All) rnod: having fun?
(29:11 / All) rnod: i'm so fucking bored
(37:30 / All) rnod: i hate you
(41:52 / All) rnod: this has been some of the most dumbfucking warcraft i've ever bothered to deal with
(41:55 / All) rnod: cause this isn't playing
(41:57 / All) rnod: this is fucking stupid
(44:00 / All) rnod: you mass towers like a fucking asshole
(44:27 / All) rnod: get aids man